 Dungeon Sprint DCSS version 0.21.0-3-g78d12a8bdd (webtiles) character file.

7408 Quolop the Imperceptible (level 10, -1/46 HPs)
             Began as a Spriggan Earth Elementalist on Jan 13, 2018.
             Was the Champion of Dithmenos.
             Slain by a demonic crawler (7 damage)
             ... in the Dungeon (Sprint I: "Red Sonja").
             The game lasted 00:06:32 (1278 turns).

Quolop the Imperceptible (SpEE)                     Turns: 1278, Time: 00:06:34

Health: -1/46      AC:  2    Str:  4    XL:     10   Next: 92%
Magic:  5/37       EV: 25    Int: 17    God:    Dithmenos [******]
Gold:   531        SH:  0    Dex: 20    Spells: 24/36 levels left

rFire    + . .     SeeInvis +   o - +5 short sword "Nuos" {holy, *Corrode rPois MR++ MP+9}
rCold    + . .     Gourm    .   (shield restricted)
rNeg     . . .     Faith    .   c - +0 robe
rPois    +         Spirit   .   (helmet restricted)
rElec    .         Reflect  .   v - scarf {rC+ rF+}
rCorr    .         Harm     .   (gloves unavailable)
MR       +++..     NoTele   +   (boots unavailable)
Stlth    ++++++++++             (no amulet)
HPRegen  0.15/turn              (no ring)
MPRegen  0.25/turn              (no ring)

@: hasted, wreathed by umbra, very quick
A: very small, unfitting armour, see invisible, herbivore, speed 3, slow
metabolism 2
a: Shadow Step, Shadow Form, Renounce Religion


You were in the Dungeon.
You worshipped Dithmenos.
Dithmenos was exalted by your worship.
You were not hungry.

You visited 1 branch You collected 994 gold pieces.
You spent 463 gold pieces at shops.

Inventory:

Hand Weapons
 i - a +0 dagger
 o - the +5 short sword "Nuos" (weapon) {holy, *Corrode rPois MR++ MP+9}
   (You bought it in a shop in the Dungeon)

   It has been blessed by the Shining One to cause great damage to the undead
   and demons.
   It protects you from poison.
   It affects your resistance to hostile enchantments.
   It affects your magic capacity (+9).
   It may corrode you when you take damage.
 q - a +0 blowgun
Missiles
 b - 15 stones (quivered)
 r - 9 curare-tipped needles
Armour
 c - a +0 robe (worn)
 t - a +0 cloak
 u - a +1 hat
 v - a scarf of resistance (worn)
Wands
 a - a wand of flame (34)
 m - a wand of paralysis (10)
Scrolls
 j - a scroll of blinking
 l - a scroll of fear
 n - a scroll of enchant armour {unknown}
 s - a scroll of identify {unknown}
Potions
 e - a potion of curing
 f - a potion of heal wounds
 h - 2 potions of magic
 p - a potion of might {unknown}
Books
 k - a book of Geomancy

   Spells                             Type                      Level
   a - Sandblast                      Earth                        1
   b - Passwall                       Transmutation/Earth          2
   c - Stone Arrow                    Conjuration/Earth            3
   d - Petrify                        Transmutation/Earth          4
   e - Lee's Rapid Deconstruction     Earth                        5
Comestibles
 d - 3 rations


   Skills:
 + Level 2.0 Fighting
 + Level 5.0 Short Blades
 + Level 8.7 Dodging
 * Level 23.2 Stealth
 + Level 3.1 Unarmed Combat
 + Level 13.8 Spellcasting
 + Level 7.8 Transmutations
 + Level 12.2 Earth Magic
 + Level 0.4 Invocations


You had 24 spell levels left.
You knew the following spells:

 Your Spells              Type           Power        Failure   Level  Hunger
a - Sandblast             Erth           ######       1%          1    None
b - Passwall              Tmut/Erth      #####.....   1%          2    None
c - Petrify               Tmut/Erth      #####...     1%          4    #......
d - Lee's Rapid Deconstr  Erth           ######....   1%          5    ####...


Dungeon Overview and Level Annotations

Branches:
Dungeon (1/1)

Altars:
Cheibriados
Dithmenos
Elyvilon
Fedhas
Gozag
Hepliaklqana
Kikubaaqudgha
Makhleb
Nemelex Xobeh
Okawaru
Qazlal
Ru
Sif Muna
Trog
Uskayaw
Vehumet
Wu Jian
Xom
Yredelemnul
Zin
The Shining One
Jiyva
Lugonu

Shops:
D %*(!([[[[[(%*!=[!


Innate Abilities, Weirdness & Mutations

You are very small and have problems with some larger weapons.
You are too small for most types of armour.
You have supernaturally acute eyesight. (SInv)
You are a herbivore.
You cover ground extremely quickly.
You need consume almost no food.


Message History

The demonic crawler closely misses you.
The demonic crawler hits you but does no damage.
The demonic crawler closely misses you.
You barely miss the demonic crawler.
The demonic crawler is lightly wounded.
The demonic crawler closely misses you. x2
The demonic crawler barely misses you. The demonic crawler misses you. x2
The demonic crawler closely misses you.
You hit the demonic crawler.
The demonic crawler convulses.
The demonic crawler is lightly wounded.
The demonic crawler hits you. The demonic crawler closely misses you.
The demonic crawler misses you. x2; The demonic crawler hits you!
The demonic crawler misses you.
You feel yourself speed up. The demonic crawler misses you.
The demonic crawler closely misses you. The demonic crawler hits you. x2
* * * LOW HITPOINT WARNING * * *
The demonic crawler hits you!
* * * LOW HITPOINT WARNING * * *
The demonic crawler hits you!
You die...

###################
#<§#§.'..#.)'..#__#
#§§§§.#..'..#..'..'
#§§§####'#####'#__#
#§§####..#...#.####
#ss#__####..##.#≈§§
#§@#_____##'#§.'≈§§
#⌠⌠#_.∩...'..§§#§≈≈
####_..__##_.#'##§#
#_____###'#§#(..
############.####'#
#∩........'...+..[.
###++++####.).#####
##.###... #+# #...


You could see 2 demonic crawlers.

Vanquished Creatures
  2 centaur warriors (D)
  Sonja (D)
  A deep troll (D)
  2 unseen horrors (D)
  A lindwurm (D)
  An oklob plant (D)
  2 demonic crawlers (D)
  2 kobold demonologists (D)
  A hornet (D)
  A slime creature (D)
  Sigmund (D)
  2 redbacks (D)
  A yak (D)
  2 floating eyes (D)
  7 necrophages (D)
  An ogre (D)
  8 jellies (D)
  Ijyb (D)
37 creatures vanquished.

Notes
Turn   | Place    | Note
-------+----------+-------------------------------------------
     0 | D        | Quolop the Spriggan Earth Elementalist began the quest for the Orb.
     0 | D        | Reached XP level 1. HP: 9/9 MP: 5/5
     1 | D        | Noticed Ijyb
    18 | D        | Killed Ijyb
    18 | D        | Reached skill level 4 in Stealth
    18 | D        | Reached XP level 2. HP: 5/13 MP: 6/8
   238 | D        | Noticed an ogre
   245 | D        | Killed an ogre
   245 | D        | Reached skill level 5 in Dodging
   245 | D        | Reached skill level 5 in Stealth
   245 | D        | Reached skill level 1 in Unarmed Combat
   245 | D        | Reached skill level 5 in Spellcasting
   245 | D        | Reached XP level 3. HP: 16/16 MP: 6/11
   245 | D        | Reached XP level 4. HP: 21/21 MP: 6/12
   301 | D        | Learned a level 2 spell: Passwall
   304 | D        | Found an iron altar of Okawaru.
   304 | D        | Found a bloodstained altar of Trog.
   304 | D        | Found a glowing golden altar of the Shining One.
   304 | D        | Found a blossoming altar of Fedhas.
   304 | D        | Found a stormy altar of Qazlal.
   304 | D        | Found a glowing silver altar of Zin.
   304 | D        | Found Astri's General Store.
   304 | D        | Found an ancient bone altar of Kikubaaqudgha.
   304 | D        | Found a white marble altar of Elyvilon.
   304 | D        | Found a basalt altar of Yredelemnul.
   304 | D        | Found a hide-covered altar of Uskayaw.
   304 | D        | Found a hazy altar of Hepliaklqana.
   304 | D        | Found a sacrificial altar of Ru.
   304 | D        | Found a snail-covered altar of Cheibriados.
   304 | D        | Found a shadowy altar of Dithmenos.
   304 | D        | Found an opulent altar of Gozag.
   304 | D        | Found a sparkling altar of Nemelex Xobeh.
   304 | D        | Noticed a yak
   305 | D        | Bought a cursed +0 dagger for 11 gold pieces
   317 | D        | Killed a yak
   317 | D        | Reached skill level 7 in Stealth
   317 | D        | Reached XP level 5. HP: 24/24 MP: 6/16
   319 | D        | Became a worshipper of Dithmenos the Shadowed
   385 | D        | Found a deep blue altar of Sif Muna.
   385 | D        | Found a radiant altar of Vehumet.
   385 | D        | Found an ornate altar of the Wu Jian Council.
   388 | D        | Reached XP level 6. HP: 28/28 MP: 17/17
   428 | D        | Noticed Sigmund
   428 | D        | Killed Sigmund
   428 | D        | Reached * piety under Dithmenos
   428 | D        | Reached skill level 9 in Stealth
   469 | D        | Found a viscous altar of Jiyva.
   469 | D        | Found a corrupted altar of Lugonu.
   469 | D        | Found a burning altar of Makhleb.
   469 | D        | Found a shimmering altar of Xom.
   469 | D        | Noticed a slime creature
   470 | D        | Killed a slime creature
   470 | D        | Reached skill level 1 in Short Blades
   470 | D        | Reached skill level 10 in Stealth
   470 | D        | Reached XP level 7. HP: 32/32 MP: 16/21
   511 | D        | Learned a level 4 spell: Petrify
   517 | D        | Learned a level 5 spell: Lee's Rapid Deconstruction
   521 | D        | Noticed a kobold demonologist
   521 | D        | Noticed a kobold demonologist
   521 | D        | Reached skill level 11 in Stealth
   522 | D        | Killed a kobold demonologist
   522 | D        | Reached ** piety under Dithmenos
   522 | D        | Reached skill level 1 in Fighting
   522 | D        | Reached skill level 12 in Stealth
   522 | D        | Reached skill level 10 in Spellcasting
   522 | D        | Reached skill level 10 in Earth Magic
   524 | D        | Killed a kobold demonologist
   524 | D        | Reached skill level 13 in Stealth
   524 | D        | Reached XP level 8. HP: 37/37 MP: 19/23
   540 | D        | Noticed a lindwurm
   542 | D        | Killed a lindwurm
   542 | D        | Reached skill level 15 in Stealth
   589 | D        | Noticed Sonja
   589 | D        | Killed Sonja
   589 | D        | Reached *** piety under Dithmenos
   589 | D        | Reached skill level 16 in Stealth
   589 | D        | Reached XP level 9. HP: 41/41 MP: 19/25
   607 | D        | Found Oviuram's Food Boutique.
   649 | D        | Noticed a deep troll
   649 | D        | Killed a deep troll
   649 | D        | Reached skill level 17 in Stealth
   649 | D        | Reached skill level 5 in Transmutations
   661 | D        | Found Qis Dan's Armour Emporium.
   689 | D        | Noticed a centaur warrior
   689 | D        | Noticed a centaur warrior
   689 | D        | Killed a centaur warrior
   689 | D        | Reached skill level 18 in Stealth
   691 | D        | Killed a centaur warrior
   691 | D        | Reached **** piety under Dithmenos
   691 | D        | Reached skill level 19 in Stealth
   691 | D        | Reached XP level 10. HP: 46/46 MP: 25/28
   712 | D        | Noticed an oklob plant
   714 | D        | Killed an oklob plant
   714 | D        | Reached skill level 20 in Stealth
   729 | D        | Noticed an unseen horror
   729 | D        | Noticed an unseen horror
   729 | D        | Killed an unseen horror
   729 | D        | Reached skill level 21 in Stealth
   730 | D        | Killed an unseen horror
   730 | D        | Reached ***** piety under Dithmenos
   905 | D        | Reached skill level 22 in Stealth
   954 | D        | Reached ****** piety under Dithmenos
   975 | D        | Found Xeki's Distillery.
   975 | D        | Found Xeotib's Antique Weapon Shop.
   975 | D        | Found Igrybbeu's Antique Weapon Boutique.
   977 | D        | Found Waroa's Armour Emporium.
   977 | D        | Found Suana's Antique Armour Shop.
   977 | D        | Found Daceget's Armour Shoppe.
   977 | D        | Found Keupisun's Antique Armour Boutique.
   977 | D        | Found Ibounuoh's Armour Emporium.
   977 | D        | Found Arapn's Weapon Shop.
   977 | D        | Found Xiboferiow's Food Shoppe.
   979 | D        | Bought a dazzling short sword for 184 gold pieces
   979 | D        | Found Ibbeg's General Store.
   980 | D        | Found Deumn's Jewellery Emporium.
   980 | D        | Found Hinaesh's Distillery.
   981 | D        | Found Tosereysh's Distillery.
   982 | D        | Bought a +1 hat for 132 gold pieces
   983 | D        | Bought a runed scarf for 136 gold pieces
  1048 | D        | Reached skill level 5 in Short Blades
  1050 | D        | Reached skill level 23 in Stealth
  1275 | D        | Identified the +5 short sword "Nuos" {holy, *Corrode rPois MR++ MP+9} (You bought it in a shop in the Dungeon)
  1278 | D        | Slain by a demonic crawler

Skill      XL: |  1  2  3  4  5  6  7  8  9 10 |
---------------+-------------------------------+-----
Dodging        | 4 5 7 8 |  8.7
Stealth        | 4 5 7 10 13 16 19 23 | 23.2
Spellcasting   | 4 5 7 9 10 11 13 | 13.8
Earth Magic    | 4 6 8 9 10 11 12 | 12.2
Unarmed Combat | 1 2 3 |  3.1
Short Blades   | 1 2 3 4 5 |  5.0
Transmutations | 2 3 4 6 7 |  7.8
Fighting       | 1 2 |  2.0
Invocations    | |  0.4

Action                   |  1- 3 |  4- 6 |  7- 9 | 10-12 || total
-------------------------+-------+-------+-------+-------++-------
Melee: Unarmed           |    16 |       |       |       ||    16
       Dagger            |       |     4 |     8 |    22 ||    34
       Short sword       |       |       |       |     2 ||     2
 Cast: Sandblast         |     2 |     6 |     1 |     6 ||    15
       Passwall          |       |     4 |     9 |     1 ||    14
       Petrify           |       |       |       |     9 ||     9
       Lee's Rapid Decon |       |       |       |     3 ||     3
Invok: Shadow Step       |       |       |       |     2 ||     2
  Use: Potion            |     1 |       |       |     2 ||     3
       Scroll            |       |       |     3 |       ||     3
 Stab: Sleeping          |       |     4 |     8 |    18 ||    30
       Petrified         |       |       |       |     1 ||     1
Armor: Robe              |     1 |       |       |     2 ||     3
Dodge: Dodged            |     5 |     4 |       |    55 ||    64
